 Dungeon Sprint DCSS version 0.30.1-11-g7821555f0a (webtiles) character file.

Game seed: 8595149960562338417

2 Groucho the Digger (level 1, -1/10 HPs)
             Began as a Deep Elf Earth Elementalist on Jan 17, 2024.
             Constricted to death by Jessica (5 damage)
             ... in the Dungeon (Sprint III: "The Ten Rune Challenge").
             The game lasted 00:00:20 (172 turns).

Groucho the Digger (Deep Elf Earth Elementalist)     Turns: 172, Time: 00:00:20

Health: -1/10      AC:  2    Str:  5    XL:     1   Next: 33%
Magic:  4/6        EV:  9    Int: 19    God:
Gold:   0          SH:  0    Dex: 15    Spells: 5/6 levels left

rFire   . . .        (no weapon)
rCold   . . .        (no shield)
rNeg    . . .        a - +0 robe
rPois   .            (no helmet)
rElec   .            (no cloak)
rCorr   .            (no gloves)
SInv    .            (no boots)
Will    .....        (no amulet)
Stlth   ++           (no ring)
HPRegen 0.21/turn    (no ring)
MPRegen 0.10/turn

%: no teleportation
@: grasped by roots, constricted
A: no striking features
a: no special abilities


You were in the Dungeon.
You visited 1 branch

Inventory:

Armour
 a - a +0 robe (worn)
Scrolls
 g - a scroll of blinking
 h - a scroll of identify {unknown}
Potions
 b - 3 potions of magic
 c - a potion of curing
 d - a potion of heal wounds
 e - a potion of haste
 f - a potion of berserk rage


   Skills:
 - Level 2.4 Dodging
 - Level 2.4 Stealth
 + Level 3.4 Spellcasting
 + Level 1.2 Conjurations
 - Level 1.1 Transmutations
 * Level 4.0 Earth Magic


You had 5 spell levels left.
You knew the following spells:

 Your Spells              Type           Power      Damage    Failure   Level
a - Sandblast             Erth           36%        2d10      2%          1

Your spell library contained the following spells:

 Spells                   Type           Power      Damage    Failure   Level
 Passwall                 Tmut/Erth      10%        N/A       8%          2
 Stone Arrow              Conj/Erth      26%        3d8       16%         3
 Petrify                  Tmut/Erth      13%        N/A       45%         4


Dungeon Overview and Level Annotations

Branches:
Dungeon (1/1)

Altars:

Annotations:
D Jessica


Message History

Aim: a rat (82% to hit)
The blast of sand misses the rat.
Unknown command.
Unknown command.
Aiming: Sandblast (safe; 3% risk of failure)
Press: ? - help, Q - select action Shift-Dir - straight line, f/p - rat
Aim: a rat (82% to hit)
The blast of sand hits the rat!
You kill the rat!
Your Conjurations skill increases to level 1!
Unknown command.
There is an open door here.
You see here a rat corpse.
h - a scroll labelled FIUNECS JEMELA You start resting.
Magic restored.
As you open the door, it creaks loudly!
A rat comes into view.
Aiming: Sandblast (safe; 3% risk of failure)
Press: ? - help, Q - select action Shift-Dir - straight line, f - rat
Aim: a rat (82% to hit)
The blast of sand hits the rat!
You kill the rat!
Your Earth Magic skill increases to level 4!
Unknown command.
You start resting.
Jessica the Apprentice Sorceress comes into view.
She is wielding a +0 club, wearing a +0 robe of the Archmagi and carrying a wand of roots (4).
Jessica is nearby!
Aiming: Sandblast (safe; 2% risk of failure)
Press: ? - help, Q - select action Shift-Dir - straight line, f - Jessica
Aim: Jessica, wielding a +0 club, wearing a +0 robe of the Archmagi and carrying a wand of roots (4) (wandering, hasn't noticed you, 82% to hit)
The blast of sand misses Jessica.
Jessica shouts!
Jessica zaps a wand.
The roots erupt in riotous growth!
The grasping roots grab you! The grasping roots constrict you.
Ouch! That really hurt!
The grasping roots constrict you.
Ouch! That really hurt!
You die...

▓▓▓▓
▓<.#
▓..#
▓#†####
▓.....#
▓....@#
▓.....#
▓####'#
@.# ..#
...#
####


You could see Jessica.

Vanquished Creatures
  An endoplasm (D)
  2 rats (D)
3 creatures vanquished.

Notes
Turn   | Place    | Note
-------+----------+-------------------------------------------
     0 | D        | Groucho the Deep Elf Earth Elementalist began the quest for
                  | the Orb.
     0 | D        | Reached XP level 1. HP: 10/10 MP: 6/6
   150 | D        | Reached skill level 1 in Conjurations
   170 | D        | Reached skill level 4 in Earth Magic
   171 | D        | Noticed Jessica
   172 | D        | Constricted to death by Jessica

Illustrated notes

Levels and vault maps discovered:
D:        dungeon_sprint_mu [sprint_mu_entry_forest, sprint_mu_temple_rooms,
          sprint_mu_d1_horrors, sprint_mu_d2_genie, sprint_mu_d3_branching,
          sprint_mu_orc_legion, sprint_mu_elf_gauntlet, sprint_mu_hive_nellie,
          sprint_mu_lair_fedhas, sprint_mu_vaults_butterflies,
          sprint_mu_slime_circle, sprint_mu_swamp_cave, sprint_mu_snake_twists,
          sprint_mu_blade_basic, sprint_mu_crypt_fortress,
          sprint_mu_tomb_spiral, sprint_mu_vestibule_basic,
          sprint_mu_gehenna_hellfire, sprint_mu_dis_giant,
          sprint_mu_tartarus_statrot, sprint_mu_cocytus_islands, sprint_mu_zot1]

Skill      XL: |  1 |
---------------+----+-----
Conjurations   | 1 |  1.2
Earth Magic    | 4 |  4.0
Dodging        | |  2.4
Stealth        | |  2.4
Spellcasting   | |  3.4
Transmutations | |  1.1

Action                     || total
---------------------------++-------
   Cast: Sandblast         ||     6
